 Dungeon Crawl Stone Soup version 0.29-a0-1065-g47a6bb87d6 (webtiles) character file.

Game seed: 17777505660788101485

67 SensoryNuts the Ducker (level 3, -4/27 HPs)
             Began as a Vampire Gladiator on Aug 19, 2022.
             Slain by Crazy Yiuf
             ... wielding a +4 quarterstaff of chaos
              (15 damage)
             ... on level 2 of the Dungeon.
             The game lasted 00:01:59 (1643 turns).

SensoryNuts the Ducker (Vampire Gladiator)          Turns: 1643, Time: 00:01:59

Health: -4/27      AC:  6    Str: 19    XL:     3   Next: 98%
Magic:  12/12      EV: 13    Int: 14    God:
Gold:   61         SH:  0    Dex: 19    Spells: 2/2 levels left

rFire   . . .      SeeInvis +   n - +7 hammer of Chaos {spect, rF- rC++ Str+4 Dex+4}
rCold   + + .      Faith    .   (no shield)
rNeg    . . .      Spirit   .   b - +0 leather armour
rPois   .          Reflect  .   c - +0 helmet
rElec   .          Harm     .   (no cloak)
rCorr   .          Rampage  .   s - +1 pair of gloves of Entitlement {rF+ Regen+ MP+9 Int+4 Slay-6}
Will    .....                   (no boots)
Stlth   ++........              (no amulet)
HPRegen 1.09/turn               (no ring)
MPRegen 0.13/turn               (no ring)

@: healing quickly
A: alive, fangs 3, see invisible, vampiric 2
a: Exsanguinate


You were on level 2 of the Dungeon.
You visited 1 branch of the dungeon, and saw 2 of its levels.

You collected 61 gold pieces.

Inventory:

Hand Weapons
 a - a +0 rapier
 n - the +7 hammer of Chaos (weapon) {spect, rF- rC++ Str+4 Dex+4}
   (You found it on level 2 of the Dungeon)

   When its wielder attacks, the weapon's spirit leaps out and strikes again.
   The spirit shares a part of any damage it takes with its wielder.
   Str:       It affects your strength (+4).
   Dex:       It affects your dexterity (+4).
   rF:        It makes you vulnerable to fire.
   rC:        It greatly protects you from cold.
Missiles
 d - 3 throwing nets (quivered)
 e - a javelin
Armour
 b - a +0 leather armour (worn)
 c - a +0 helmet (worn)
 s - the +1 pair of gloves of Entitlement (worn) {rF+ Regen+ MP+9 Int+4 Slay-6}
   (You found it on level 2 of the Dungeon)

   Int:       It affects your intelligence (+4).
   Slay:      It affects your accuracy & damage with ranged weapons and melee
   (-6).
   rF:        It protects you from fire.
   MP:        It affects your magic capacity (+9).
   Regen:     It increases your rate of health regeneration.
Jewellery
 q - an amulet of reflection
Scrolls
 g - a scroll of blinking {unknown}
 i - a scroll of poison {unknown}
 j - a scroll of fear {unknown}
 k - a scroll of enchant armour {unknown}
 m - 2 scrolls of acquirement {unknown}
 o - 2 scrolls of teleportation {unknown}
 r - a scroll of identify {unknown}
Potions
 h - a potion of lignification {unknown}
 l - a potion of might
 p - a potion of invisibility {unknown}


   Skills:
 + Level 2.2 Fighting
 + Level 3.9 Short Blades
 + Level 0.1 Maces & Flails
 + Level 1.8 Throwing
 + Level 1.1 Armour
 + Level 3.9 Dodging
 + Level 0.3 Stealth


You had 2 spell levels left.
You didn't know any spells.
Your spell library contained the following spells:

 Spells                   Type           Power      Damage    Failure   Level
 Foxfire                  Conj/Fire      0%         2x1d4     34%         1
 Static Discharge         Conj/Air       0%         3-3/arc   45%         2
 Conjure Flame            Conj/Fire      0%         6-21      71%         3
 Inner Flame              Hex/Fire       0%         N/A       71%         3
 Dispel Undead            Necr           0%         3d6       98%         4
 Flame Wave               Conj/Fire      0%         2d4       98%         4
 Sticky Flame             Conj/Fire      0%         2d3       98%         4


Dungeon Overview and Level Annotations

Branches:
Dungeon (2/15)

Altars:
Uskayaw

Annotations:
D:2 Crazy Yiuf


Innate Abilities, Weirdness & Mutations

Your natural rate of healing is accelerated.
You have razor-sharp teeth.
You have supernaturally acute eyesight. (SInv)
You are afflicted with vampirism and can become a bat while bloodless.


Message History

No target in view!
No target in view!
No target in view!
You now have 61 gold pieces (gained 5).
There is an open door here.
There is an open door here.
Things that are here:
a +1 vampiric dagger; 4 stones
There is an open door here.
As you open the door, it creaks loudly!
There is an open door here.
There is an escape hatch in the floor here.
There is an open door here.
You see here a +0 hammer.
You see here a +0 hammer.
You see here a +0 hammer.
You see here a +0 hammer.
You see here a +0 hammer.
Could not explore, unopened runed door.
Could not explore, unopened runed door.
No reachable target in view!
Could not explore, unopened runed door.
As you open the door, it creaks loudly!
Crazy Yiuf shouts!
Crazy Yiuf drinks a potion.
Crazy Yiuf seems to grow stronger.
Crazy Yiuf screams, "You King seventy!"
Crazy Yiuf hits you with a +4 quarterstaff of chaos!
Ouch! That really hurt!
You are lethally poisoned!
There is an open translucent door, spattered with blood here.
You hit Crazy Yiuf. You bite Crazy Yiuf, but do no damage.
Crazy Yiuf is lightly wounded.
Your +7 hammer of Chaos {spect, rF- rC++ Str+4 Dex+4} hits Crazy Yiuf!
* * * LOW HITPOINT WARNING * * *
You feel extremely sick. Crazy Yiuf closely misses you.
Crazy Yiuf whimpers, "Millenium sow arga!"
Crazy Yiuf closely misses you.
It was a potion of curing.
You feel better.
Crazy Yiuf hits you with a +4 quarterstaff of chaos!
Ouch! That really hurt!
You die...

#...#...# #))).#
#........#. #...#.###
♣))))♣ #........#.
#.#.....# ♣♣)).♣
#........## #.#.#...#
♣♣.♣♣ ###+###'###
#.#.#...# ♣♣.♣ #.#.###.#
#.#)##.## ♣.♣♣ #...##..#
####+#.#..# ♣♣.♣ #...#..##
.......##.# ♣.♣♣ #...#.##
.......##.# #@#
#...#'###### ..........#
#.g§# #+#.........
####'####### #...#
#........... ##.......#
#)..# #.#.........
#..).....# #####
#.#......... #........#
#.....######
#........###########...#.#
#..........#.#...>.......#
#.........##.#.........###


You could see Crazy Yiuf (strong).

Vanquished Creatures
  3 adders (D:2)
  A giant cockroach (D:1)
  6 hobgoblins
  2 jackals (D:1)
  6 kobolds (D:2)
  2 quokkas (D:1)
  4 ball pythons
  5 bats
  A frilled lizard (D:2)
  7 goblins
  2 rats
39 creatures vanquished.

Notes
Turn   | Place    | Note
-------+----------+-------------------------------------------
     0 | D:1      | SensoryNuts the Vampire Gladiator began the quest for the
                  | Orb.
     0 | D:1      | Reached XP level 1. HP: 16/16 MP: 1/1
   497 | D:1      | Reached XP level 2. HP: 18/22 MP: 2/2
   955 | D:2      | Identified the +7 hammer of Chaos {spect, rF- rC++ Str+4
                  | Dex+4}
   968 | D:2      | Found a runed translucent door.
   969 | D:2      | Noticed Crazy Yiuf
  1087 | D:2      | Found a hide-covered altar of Uskayaw.
  1098 | D:2      | Gained mutation: You are afflicted with vampirism and can
                  | become a bat while bloodless. [Vampire growth]
  1098 | D:2      | Reached XP level 3. HP: 27/27 MP: 3/3
  1188 | D:2      | Reached skill level 1 in Armour
  1359 | D:2      | Identified the +1 pair of gloves of Entitlement {rF+ Regen+
                  | MP+9 Int+4 Slay-6}
  1643 | D:2      | Slain by Crazy Yiuf

Illustrated notes

Levels and vault maps discovered:
D:1:      dpeg_arrival_pond, layout_loops_corners
D:2:      layout_basic, basic_altar, minmay_unequal, uniq_crazy_yiuf_cottage

Skill      XL: |  1  2  3 |
---------------+----------+-----
Fighting       | 2 |  2.2
Armour         | 1 |  1.1
Short Blades   | |  3.9
Maces & Flails | |  0.1
Throwing       | |  1.8
Dodging        | |  3.9
Stealth        | |  0.3

Action                   || total
-------------------------++-------
Melee: Rapier            ||    46
       Bite              ||    11
       Mace              ||    29
       Punch             ||     1
  Use: Potion            ||     1
 Stab: Sleeping          ||     3
Armor: Leather armour    ||    23
Dodge: Dodged            ||    55

Table legend: (Time is in decaauts)
 A = Elapsed time spent in this place.
 B = Non-inter-level travel time spent in this place.
 C = Inter-level travel time spent in this place.
 D = Time resting spent in this place.
 E = Time spent auto-exploring this place.
 F = Levels seen in this place.
 G = Mean time per level.
                   A        B        C        D        E       F      G
               +--------+--------+--------+--------+--------+-----+--------+
         Total |   1654 |   1634 |     20 |      0 |   1361 |   2 |  827.0 |
       Dungeon |   1654 |   1634 |     20 |      0 |   1361 |   2 |  827.0 |
               +--------+--------+--------+--------+--------+-----+--------+

Top non-repeatable levels by time:
     D:1: 840 daAuts
     D:2: 814 daAuts
